 Dungeon Crawl Stone Soup version 0.28-a0-957-g42eb19b844 (webtiles) character file.

Game seed: 7871242705515241534

4240 browni3141 the Spear-Bearer (level 9, -1/70 HPs)
             Began as a Demigod Fighter on Nov 30, 2021.
             Slain by a shadow (31 damage)
             ... on level 9 of the Dungeon.
             The game lasted 00:28:27 (9475 turns).

browni3141 the Spear-Bearer (Demigod Fighter)       Turns: 9475, Time: 00:28:28

Health: -1/70      AC: 15    Str: 29    XL:     9   Next: 84%
Magic:  11/11      EV:  8    Int: 10    God:
Gold:   363        SH: 10    Dex: 13    Spells: 8/8 levels left

rFire   . . .      SeeInvis .   d - +0 spear (flame)
rCold   + . .      Faith    .   y - +0 kite shield
rNeg    . . .      Spirit   .   x - +7 Kryia's mail coat {PotionHeal*2 rC+}
rPois   .          Reflect  .   (no helmet)
rElec   .          Harm     .   (no cloak)
rCorr   .          Rampage  .   k - +0 pair of gloves
Will    .....                   C - +0 pair of boots
Stlth   +.........              (no amulet)
HPRegen 0.21/turn               (no ring)
MPRegen 0.12/turn               (no ring)

@: no status effects
A: high mp 1, forlorn
a: no special abilities


You were on level 9 of the Dungeon.
You visited 1 branch of the dungeon, and saw 9 of its levels.
You also visited: Sewer.

You collected 405 gold pieces.
You spent 42 gold pieces at shops.

Inventory:

Hand Weapons
 a - a +0 flail
 d - a +0 spear of flaming (weapon)
 i - a +0 dagger of speed
 v - a +0 halberd
 D - a +0 shortbow
Missiles
 g - 281 stones
 j - 167 arrows
 p - 80 poisoned darts (quivered)
 w - 2 throwing nets
 z - 3 javelins
 A - 67 sling bullets
Armour
 b - a +0 scale mail
 c - a +0 buckler
 f - a +0 pair of gloves
 k - a +0 pair of gloves (worn)
 s - a +0 troll leather armour {Pargi}
 x - the +7 Kryia's mail coat (worn) {PotionHeal*2 rC+}
   (You acquired it on level 8 of the Dungeon)

   Potions are twice as effective at healing its wearer.
   rC:        It protects you from cold.
 y - a +0 kite shield (worn)
 C - a +0 pair of boots (worn)
Jewellery
 B - a +6 ring of intelligence
Wands
 H - a wand of flame (32)
 L - a wand of digging (5)
 N - a wand of paralysis (7)
Scrolls
 n - a scroll of enchant weapon
 o - a scroll of vulnerability
 r - 3 scrolls of teleportation
 t - a scroll of fear
 u - 2 scrolls of fog {unknown}
 G - 3 scrolls of amnesia {unknown}
 J - a scroll of immolation
 M - a scroll of torment
 O - 2 scrolls of noise {unknown}
Potions
 e - a potion of cancellation
 h - 3 potions of curing
 l - 3 potions of attraction
 m - a potion of brilliance
 q - a potion of flight
 F - a potion of mutation {unknown}
 I - 2 potions of lignification {unknown}
 K - a potion of ambrosia {unknown}
 P - a potion of berserk rage {unknown}


   Skills:
 - Level 3.4 Fighting
 - Level 1.7 Maces & Flails
 * Level 8.7 Polearms
 - Level 2.6 Armour
 - Level 3.0 Stealth
 * Level 8.5 Shields
 - Level 5.0 Evocations


You had 8 spell levels left.
You didn't know any spells.
Your spell library contained the following spells:

 Spells                   Type           Power      Damage    Failure   Level
 Summon Small Mammal      Summ           0%         N/A       88%         1
 Call Canine Familiar     Summ           0%         N/A       99%         3
 Portal Projectile        Hex/Tloc       0%         N/A       99%         3
 Summon Guardian Golem    Hex/Summ       0%         N/A       99%         3
 Tukima's Dance           Hex            0%         N/A       99%         3
 Passage of Golubria      Tloc           0%         N/A       100%        4
 Blade Hands              Tmut           0%         N/A       100%        5
 Excruciating Wounds      Necr           0%         N/A       100%        5
 Yara's Violent Unravell  Hex/Tmut       0%         3d3       100%        5


Dungeon Overview and Level Annotations

Branches:
Dungeon (9/15)             Temple (0/1) D:6           Sewer (visited)
   Lair: D:8-11         Orc: D:9-12

Shops:
D:1 !


Innate Abilities, Weirdness & Mutations

Your attributes grow dramatically as you level up.
You have an increased reservoir of magic. (+10% MP)
You shall have no god before yourself.


Message History

The shadow is lightly damaged.
The shadow hits you.
Your Kryia's mail coat prevents you from hitting the shadow.
The shadow is lightly damaged.
You hit the shadow but do no damage.
The shadow is lightly damaged.
The shadow barely misses you.
You barely miss the shadow.
The shadow is lightly damaged.
The shadow slips into darkness.
The shadow flickers and vanishes!
Deactivating autopickup; reactivate with Ctrl-A.
You miss something.
The shadow strikes at you from the darkness!
Reactivating autopickup.
You closely miss the shadow.
The shadow is lightly damaged.
The shadow hits you.
You hit the shadow but do no damage. You hit the shadow but do no damage.
The shadow barely misses you.
You hit the shadow but do no damage.
The shadow slips into darkness.
The shadow flickers and vanishes!
Deactivating autopickup; reactivate with Ctrl-A.
The shadow strikes at you from the darkness!
Reactivating autopickup.
Press: ? - help, v - describe, . - travel The floor, spattered with blood.
The shadow slips into darkness.
The shadow flickers and vanishes!
Deactivating autopickup; reactivate with Ctrl-A.
The shadow strikes at you from the darkness!
Reactivating autopickup.
The shadow slips into darkness.
The shadow flickers and vanishes!
Deactivating autopickup; reactivate with Ctrl-A.
The shadow strikes at you from the darkness!
The shadow strikes at you from the darkness!
The shadow strikes at you from the darkness!
You die...

#.# #.# #.# #.# #.#
#.# #.# #.##.#####.#
#.#######.##........
#......##.## ###...
###........# #..#
#.##.##..######..#
#.##.##.......<..#
#@##.##..#########
#.##<##>.#
#.##.....#
#.######.# #.# #.#
#.# #.# #.# #.# #..
..# ##


There were no monsters in sight!

Vanquished Creatures
  Joseph (D:7)
  Prince Ribbit (D:7)
  6 yaks
  Menkaure (D:7)
  An acid dragon (D:8)
  3 orc warriors
  A black bear (D:7)
  Pargi (Sewer)
  A hornet zombie (D:8)
  4 centaurs
  2 kobold brigands (D:6)
  3 bullfrogs
  3 killer bees (D:6)
  A bullfrog zombie (D:6)
  A gnoll shaman (D:5)
  3 hounds
  4 jellies
  3 centaur skeletons
  4 orc priests
  2 bullfrog skeletons (D:5)
  5 centaur zombies
  An iguana (D:6)
  10 orc wizards
  A killer bee zombie (D:7)
  2 hound skeletons
  A howler monkey zombie (D:8)
  15 gnolls
  5 adders
  A white imp (D:6)
  An ufetubus (D:6)
  A worm (D:3)
  2 dart slugs
  20 orcs
  6 ball pythons
  6 bats
  12 endoplasms
  5 giant cockroaches
  8 hobgoblins
  6 quokkas
  6 frilled lizards
  11 goblins
  18 kobolds
  8 rats
197 creatures vanquished.

Notes
Turn   | Place    | Note
-------+----------+-------------------------------------------
     0 | D:1      | browni3141 the Demigod Fighter began the quest for the Orb.
     0 | D:1      | Reached XP level 1. HP: 18/18 MP: 3/3
    25 | D:1      | Reached skill level 1 in Stealth
   200 | D:1      | Reached XP level 2. HP: 15/25 MP: 4/4
   660 | D:1      | Reached XP level 3. HP: 30/30 MP: 5/5
   701 | D:1      | Found Caqomaff's Distillery.
   955 | D:1      | Bought a potion of curing for 42 gold pieces
  2111 | D:2      | Reached XP level 4. HP: 37/38 MP: 6/6
  2199 | D:2      | Reached skill level 1 in Polearms
  3107 | D:3      | Found a glowing drain.
  3124 | Sewer    | Entered a sewer
  3220 | Sewer    | Noticed Pargi
  3236 | Sewer    | Killed Pargi
  3237 | Sewer    | Reached skill level 1 in Evocations
  3237 | Sewer    | Reached XP level 5. HP: 33/45 MP: 7/7
  4084 | D:4      | Reached XP level 6. HP: 51/51 MP: 8/8
  4248 | D:5      | Entered Level 5 of the Dungeon
  4870 | D:5      | Reached XP level 7. HP: 47/57 MP: 9/9
  5898 | D:6      | Reached skill level 5 in Polearms
  5979 | D:6      | Reached XP level 8. HP: 52/63 MP: 10/10
  6145 | D:6      | Reached skill level 5 in Shields
  6277 | D:6      | Found a staircase to the Ecumenical Temple.
  6369 | D:6      | Reached skill level 5 in Evocations
  6554 | D:7      | Noticed Prince Ribbit
  6559 | D:7      | Killed Prince Ribbit
  6854 | D:7      | Noticed Joseph
  6868 | D:6      | HP: 2/63 [killer bee (5)]
  7037 | D:7      | Noticed Menkaure
  7314 | D:7      | Killed Menkaure
  7315 | D:7      | Reached XP level 9. HP: 39/70 MP: 11/11
  8205 | D:8      | Identified a scroll of acquirement
  8209 | D:8      | Acquired the +7 Kryia's mail coat {PotionHeal*2 rC+}
  8209 | D:8      | Found the +7 Kryia's mail coat {PotionHeal*2 rC+}
  8639 | D:7      | Killed Joseph
  9475 | D:9      | Slain by a shadow

Illustrated notes

Levels and vault maps discovered:
D:1:      shiori_arrival_maze, layout_loops_ring, serial_shops, shop
D:2:      layout_basic, basic_altar, corexii_shack
D:3:      layout_basic, gup_sewer_entry_pipe, chequers_ecumenical_altar_simple,
          hangedman_decor_push
D:4:      layout_basic, makhleb_heckhound_becter, minmay_misc_feat_four_crosses
D:5:      layout_basic, minmay_a_box_with_orc_wizards_in_it
D:6:      layout_cave_pods, minmay_temple_entry_trees, serial_column_ruins,
          column_ruins_temple_hall, column_ruins_circle_medium,
          column_ruins_grid_4, column_ruins_corridor_straight,
          column_ruins_open_large
D:7:      layout_cave_pools, uniq_joseph, uniq_prince_ribbit1, uniq_menkaure
D:8:      layout_basic
D:9:      layout_loops_ring, uniq_grum, uniq_harold, uniq_maggie

Skill      XL: |  1  2  3  4  5  6  7  8  9 |
---------------+----------------------------+-----
Stealth        | 1 2 3 |  3.0
Fighting       | 3 |  3.4
Polearms       | 3 4 5 6 8 |  8.7
Evocations     | 1 2 3 4 5 |  5.0
Shields        | 3 4 6 8 |  8.5
Maces & Flails | |  1.7
Armour         | |  2.6

Action                   |  1- 3 |  4- 6 |  7- 9 || total
-------------------------+-------+-------+-------++-------
Melee: Flail             |    67 |       |     3 ||    70
       Dagger            |    84 |       |       ||    84
       Spear             |     9 |   315 |   591 ||   915
Throw: Stone             |     7 |     4 |       ||    11
       Javelin           |       |    12 |     1 ||    13
       Dart              |       |       |    17 ||    17
Evoke: Wand              |       |       |    23 ||    23
  Use: Potion            |     2 |     1 |     2 ||     5
       Scroll            |       |     4 |     8 ||    12
 Stab: Sleeping          |       |     6 |     2 ||     8
       Distracted        |       |       |     1 ||     1
       Paralysed         |       |       |     8 ||     8
Armor: Scale mail        |   105 |    44 |    32 ||   181
       Troll leather arm |       |    55 |   189 ||   244
Dodge: Dodged            |   105 |   110 |   183 ||   398
Block: Buckler           |    50 |    39 |       ||    89
       Kite shield       |       |    33 |   291 ||   324

Table legend: (Time is in decaauts)
 A = Elapsed time spent in this place.
 B = Non-inter-level travel time spent in this place.
 C = Inter-level travel time spent in this place.
 D = Time resting spent in this place.
 E = Time spent auto-exploring this place.
 F = Levels seen in this place.
 G = Mean time per level.
                   A        B        C        D        E       F      G
               +--------+--------+--------+--------+--------+-----+--------+
         Total |   9518 |   9029 |    489 |   1487 |   4604 |  10 |  951.8 |
       Dungeon |   9214 |   8725 |    489 |   1366 |   4529 |   9 | 1023.8 |
         Sewer |    303 |    303 |      0 |    121 |     75 |   1 |  303.0 |
               +--------+--------+--------+--------+--------+-----+--------+

Top non-repeatable levels by time:
     D:2: 1674 daAuts
     D:6: 1409 daAuts
     D:5: 1195 daAuts
     D:7: 1099 daAuts
     D:1: 1079 daAuts
     D:8: 1077 daAuts
     D:3: 801 daAuts
     D:4: 639 daAuts
   Sewer: 303 daAuts
     D:9: 238 daAuts
